 Dungeon Crawl Stone Soup version 0.32-a0-886-g41c5271027 (webtiles) character file.

Game seed: 16069297705717344503

166 pokedragonboy the Changeling (level 5, -1/39 HPs)
             Began as a Merfolk Shapeshifter on Apr 2, 2024.
             Slain by a hound (3 damage)
             ... on level 3 of the Dungeon.
             The game lasted 00:08:14 (3106 turns).

pokedragonboy the Changeling (Merfolk Shapeshifter) Turns: 3106, Time: 00:08:16

Health: -1/39      AC:  2    Str: 14    XL:     5   Next: 47%
Magic:  5/5        EV: 12    Int: 10    God:
Gold:   107        SH:  0    Dex: 15    Spells: 4/4 levels left

rFire   . .          .
                       - Unarmed
rCold   . . .        (no shield)
rNeg    . . .        a - +0 animal skin
rPois   .            (helmet currently unavailable)
rElec   .            (cloak currently unavailable)
rCorr   .            (gloves currently unavailable)
SInv    .            n - melded +1 pair of boots
Will    .....        (no amulet)
Stlth   +            (no ring)
HPRegen 0.26/turn    (no ring)
MPRegen 0.09/turn

%: no passive effects
@: beast-form
A: beast (slay +3), (nimble swimmer 2), mertail
a: Begin Untransformation


You were on level 3 of the Dungeon.
You were a hulking beast.
You visited 1 branch of the dungeon, and saw 4 of its levels.

You collected 107 gold pieces.

Inventory:

Hand Weapons
 g - a +0 dagger
 o - a +0 long sword
Missiles
 m - 3 atropa-tipped darts (quivered)
 s - a throwing net
Armour
 a - a +0 animal skin (worn)
 n - a +1 pair of boots (melded)
Magical Staves
 j - a staff of conjuration
 r - a staff of earth
Jewellery
 v - a +4 ring of protection
Talismans
 c - a beast talisman (active)
 d - a flux talisman
Wands
 k - a wand of roots (10)
Scrolls
 e - 3 scrolls of identify
 h - a scroll of torment {unknown}
 i - a scroll of silence {unknown}
 l - a scroll of brand weapon {unknown}
 p - a scroll of enchant weapon {unknown}
 q - a scroll of blinking {unknown}
 t - a scroll of noise {unknown}
 u - a scroll of teleportation {unknown}
Potions
 b - a potion of lignification
 f - a potion of haste
 w - a potion of brilliance {unknown}
 x - a potion of attraction {unknown}
 z - a potion of might {unknown}


   Skills:
 + Level 2.6 Fighting
 + Level 4.0 Dodging
 + Level 4.1 Unarmed Combat
 * Level 5.6 Shapeshifting


You had 4 spell levels left.
You didn't know any spells.
Your spell library contained the following spells:

 Spells                   Type           Power      Damage    Failure   Level
 Magic Dart               Conj           0%         1d3       36%         1
 Blink                    Tloc           0%         N/A       50%         2
 Call Imp                 Summ           0%         N/A       50%         2
 Iskenderun's Battlesphe  Conj           0%         2d6       100%        5
 Bombard                  Conj/Erth      0%         9d1       100%        6
 Spellforged Servitor     Conj/Summ      0%         N/A       100%        7


Dungeon Overview and Level Annotations

Branches:
Dungeon (4/15)
 Temple: D:4-7

Altars:
Fedhas
Nemelex Xobeh
Qazlal
Wu Jian
The Shining One

Shops:
D:3 ??


Innate Abilities, Weirdness & Mutations

You are a hulking beast.
Your limbs bulge with bestial killing power. (Slay +3)
((You are very nimble when in or above water. (Stealth+, EV+, Speed+++)))
Your lower body shifts to a powerful aquatic tail in water.


Message History

The ogre resists.
The hound bites you.
The ogre hits you with a +0 giant club!!
Ouch! That really hurt!
The hound completely misses you.
Unknown command.
The hound attacks as it pursues you! The hound barely misses you.
The hound closely misses you. The hound bites you. The hound misses you.
The hound attacks as it pursues you!
The hound bites you but does no damage. x2
The hound barely misses you. The hound attacks as it pursues you!
The hound bites you.
* * * LOW HITPOINT WARNING * * *
The hound misses you. The hound attacks as it pursues you!
The hound barely misses you.
There is a stone staircase leading up here.
The hound bites you.
* * * LOW HITPOINT WARNING * * *
The hound barely misses you.
You climb upwards.
There is a stone staircase leading down here.
You see here a +0 flail.
You hit the hound. Your punch misses the hound.
The hound is moderately wounded.
The hound bites you.
* * * LOW HITPOINT WARNING * * *
You barely miss the hound.
The hound is moderately wounded.
The hound barely misses you. The hound bites you.
* * * LOW HITPOINT WARNING * * *
Okay, then.
Okay, then.
Throw: 4 darts (atropa)
Press: ? - help, Q - select action, (/) - cycle Shift-Dir - straight line, f - hound
Aim: a hound (moderately wounded, 50% to hit, chance to blind on hit: 75%)
You throw an atropa-tipped dart.
The atropa-tipped dart closely misses the hound.
The hound bites you.
You die...

########..........# #.# #......
...........######.# #.# #.#.#⌠.
#######..#.# #.# #.# #.#..._ #
##...#.######.### #.# #.###⌠. #
##.###..##...#...# #.# #.# ##. #
##.## ##.#........###.###.# #. #
#.## ##.................## #. #
#.# #..................###.
###.## ##(...hh)...........##..
.....## ##<......)...........#...
#####.###.##....#)...............
# #....###.#####...........#... #
#.#.## #.# #...........##.# #
#.#.# #.# #...........##.# #
#>#.####.#####...........##.# #
#..............#########.##.# #
###..########### #.##.#


You could see a hound.

Vanquished Creatures
  Jessica (D:3)
  3 gnolls (D:3)
  4 adders
  3 dart slugs
  3 ribbon worms
  5 ball pythons
  3 endoplasms
  4 giant cockroaches
  8 hobgoblins
  3 jackals (D:3)
  4 kobolds
  3 quokkas (D:1)
  6 bats
  6 frilled lizards
  5 goblins
  4 rats
65 creatures vanquished.

Notes
Turn   | Place    | Note
-------+----------+-------------------------------------------
     0 | D:1      | pokedragonboy the Merfolk Shapeshifter began the quest for
                  | the Orb.
     0 | D:1      | Reached XP level 1. HP: 15/15 MP: 1/1
    75 | D:1      | Reached XP level 2. HP: 21/21 MP: 2/2
   186 | D:1      | Found a faded altar of an unknown god.
   303 | D:1      | Reached XP level 3. HP: 14/26 MP: 3/3
  1123 | D:2      | Found a stormy altar of Qazlal.
  1761 | D:2      | Reached XP level 4. HP: 32/33 MP: 4/4
  1766 | D:2      | Reached skill level 5 in Shapeshifting
  2106 | D:3      | HP: 1/33 [goblin/+0 dagger (3)]
  2345 | D:3      | Found a faded altar of an unknown god.
  2345 | D:3      | Found a blossoming altar of Fedhas.
  2352 | D:3      | Found a glowing golden altar of the Shining One.
  2354 | D:3      | Found a faded altar of an unknown god.
  2356 | D:3      | Found an ornate altar of the Wu Jian Council.
  2518 | D:3      | Found Kuyreyl's Magic Scroll Shoppe.
  2591 | D:3      | Found a sparkling altar of Nemelex Xobeh.
  2614 | D:3      | Reached XP level 5. HP: 35/39 MP: 5/5
  2754 | D:3      | Noticed Jessica
  2762 | D:3      | Killed Jessica
  2999 | D:3      | Found Wuestramp's Magic Scroll Boutique.
  3084 | D:4      | Noticed an ogre
  3106 | D:3      | Slain by a hound

Illustrated notes

Levels and vault maps discovered:
D:1:      dpeg_arrival_tiny_a, layout_basic, serial_forest,
          infiniplex_forest_clump_small, infiniplex_forest_lined_3_way,
          infiniplex_forest_end_2, infiniplex_forest_lined_corner,
          infiniplex_forest_lined_room_2, infiniplex_forest_lined_1,
          ebering_ecumenical_altar_sacrificial
D:2:      layout_loops_corners, basic_altar, serial_glass, glass_columns_b,
          glass_columns_a
D:3:      layout_loops_ring, chequers_temple_overflow_minitemple,
          nemelex_xobeh_ov_fountains_minmay, serial_shops, shop, shop,
          minmay_diced_spiral, uniq_jessica
D:4:      cheibrodos_pilgrimage, layout_loops_cross, serial_shops, shop, shop,
          kennysheep_mini_moat, nicolae_elevator_lobby_asterisk

Skill      XL: |  1  2  3  4  5 |
---------------+----------------+-----
Dodging        | 3 4 |  4.0
Fighting       | 2 |  2.6
Shapeshifting  | 5 |  5.6
Unarmed Combat | 4 |  4.1

Action                     |  1- 3 |  4- 6 || total
---------------------------+-------+-------++-------
  Melee: Unarmed           |    51 |    78 ||   129
         Dagger            |    76 |       ||    76
         Punch             |       |     2 ||     2
  Throw: Dart              |       |     2 ||     2
    Use: Scroll            |     1 |       ||     1
         Potion            |       |     2 ||     2
   Stab: Sleeping          |     1 |     1 ||     2
 Armour: Animal skin       |    58 |    53 ||   111
  Dodge: Dodged            |    79 |    64 ||   143
         Form:             |     1 |       ||     1
         Beast             |     1 |       ||     1

Table legend: (Time is in decaauts)
 A = Elapsed time spent in this place.
 B = Non-inter-level travel time spent in this place.
 C = Inter-level travel time spent in this place.
 D = Time resting spent in this place.
 E = Time spent auto-exploring this place.
 F = Levels seen in this place.
 G = Mean time per level.
                   A        B        C        D        E       F      G
               +--------+--------+--------+--------+--------+-----+--------+
         Total |   3096 |   3000 |     96 |    152 |   2327 |   4 |  774.0 |
       Dungeon |   3096 |   3000 |     96 |    152 |   2327 |   4 |  774.0 |
               +--------+--------+--------+--------+--------+-----+--------+

Top non-repeatable levels by time:
     D:1: 1078 daAuts
     D:2: 997 daAuts
     D:3: 983 daAuts
     D:4: 35 daAuts
